Map: Zen LE

Players

prospeKt - Winner!

  • Race: Zerg Zerg
  • League: Platinum
  • Spawn Location: 7:00

sneak

  • Race: Zerg Zerg
  • League: Platinum
  • Spawn Location: 1:00

VOD

Have the link to the VOD?

Description

Time

  • Played on: June 9, 2020, 6:45 a.m.
  • Length: 17:51
Show
View Real Time Build Order
Export as new Build Order

prospeKt Zerg - Winner!

Build Orders: Hatch First, Lurkers 

Get SALT Encoding   

  12  0:00  Drone  
  13  0:12  Overlord  
  13  0:18  Drone  
  14  0:30  Drone x2  
  14  0:34  Drone  
  17  0:56  Hatchery  
  16  1:00  Drone x2  
  18  1:15  Spawning Pool  
  18  1:16  Drone  
  18  1:20  Drone  
  19  1:28  Drone  
  20  1:33  Extractor  
  20  1:38  Drone  
  20  1:50  Overlord  
  20  2:00  Drone  
  21  2:08  Queen x2  
  21  2:10  Drone  
  21  2:11  Zergling x2  
  27  2:20  Drone  
  27  2:22  Zergling x2  
  29  2:36  Drone x2  
  31  2:42  Drone  
  32  2:44  Queen  
  34  2:54  Drone x2  
  34  2:57  Lair  
  34  2:58  Overlord  
  34  3:13  Zergling x2  
  35  3:23  Drone  
  35  3:24  Drone x8  
  41  3:34  Drone  
  42  3:48  Drone  
  42  3:49  Drone, Extractor  
  42  3:50  Roach Warren  
  42  3:51  Overlord  
  42  3:52  Extractor  
  41  4:00  Extractor  
  41  4:01  Drone x2  
  42  4:03  Overlord  
  42  4:05  Zergling x4  
  44  4:11  Evolution Chamber  
  44  4:12  Evolution Chamber  
  42  4:20  Spine Crawler  
  42  4:22  Spine Crawler  
  40  4:30  Zergling x2  
  40  4:31  Zergling x14  
  44  4:38  Glial Reconstitution  
  40  4:39  Roach  
  40  4:40  Roach x3  
  42  4:46  Queen  
  42  4:48  Roach  
  41  4:56  Roach x2  
  41  4:59  Roach  
  42  5:02  Roach  
  46  5:14  Roach  
  46  5:17  Drone x2  
  48  5:25  Drone x2  
  50  5:32  Queen  
  52  5:45  Drone x4  
  56  5:57  Drone  
  56  5:58  Drone x3  
  56  6:01  Overlord  
  60  6:19  Spine Crawler  
  60  6:20  Spine Crawler  
  60  6:21  Roach x2  
  60  6:23  Drone  
  63  6:27  Zerg Missile Weapons Level 1  
  63  6:37  Drone  
  63  6:38  Drone  
  65  6:49  Roach  
  65  6:50  Overlord x2  
  67  7:07  Drone x3  
  66  7:13  Spine Crawler  
  66  7:14  Spine Crawler  
  64  7:16  Spine Crawler  
  64  7:19  Roach  
  60  7:47  Drone x6  
  66  7:56  Drone x2  
  66  7:57  Drone x3  
  71  8:01  Hatchery  
  70  8:10  Overseer  
  70  8:18  Queen  
  72  8:23  Zerg Missile Weapons Level 2  
  72  8:25  Drone  
  72  8:26  Drone x4  
  77  8:29  Roach  
  79  8:51  Drone x5  
  79  8:53  Hydralisk Den, Evolution Chamber  
  82  8:56  Overlord x2  
  82  9:00  Drone  
  82  9:01  Drone  
  84  9:10  Overseer  
  84  9:13  Overlord  
  84  9:21  Zerg Ground Armor Level 1  
  84  9:22  Hydralisk x5  
  94  9:26  Grooved Spines  
  94  9:32  Hydralisk x2  
  98  9:39  Spine Crawler  
  98  9:41  Spine Crawler, Drone x3  
  99  9:48  Spine Crawler  
  98  9:59  Hydralisk  
  98  10:00  Hydralisk x4  
  101  10:18  Drone x6  
  107  10:31  Hydralisk x3  
  107  10:33  Infestation Pit  
  107  10:34  Overlord  
  112  10:38  Muscular Augments  
  112  10:42  Extractor x2  
  110  10:50  Hydralisk x2  
  114  10:57  Hydralisk x4  
  114  11:04  Lurker Den  
  121  11:05  Overlord x4  
  121  11:11  Spine Crawler  
  121  11:12  Spine Crawler  
  121  11:17  Hydralisk  
  121  11:19  Drone  
  121  11:20  Zerg Ground Armor Level 2  
  122  11:38  Drone x6  
  122  11:39  Drone x7  
  135  11:43  Overseer  
  135  11:48  Hydralisk x2  
  139  12:00  Hydralisk  
  139  12:01  Hydralisk x3  
  147  12:10  Hydralisk  
  147  12:11  Hydralisk x2  
  153  12:31  Overlord x3  
  153  12:32  Overlord  
  153  12:33  Lurker  
  154  12:38  Hive  
  154  12:53  Hydralisk x5  
  154  12:57  Lurker  
  154  12:58  Lurker  
  166  12:59  Lurker  
  166  13:01  Hatchery  
  166  13:02  Overlord  
  166  13:10  Lurker x5  
  166  13:11  Lurker  
  172  13:27  Queen  
  174  13:35  Lurker x3  
  174  13:36  Lurker  
  174  13:39  Lurker  
  179  13:45  Drone x9  
  179  13:46  Drone x4  
  192  14:00  Hydralisk  
  192  14:02  Overlord x2  
  194  14:28  Hydralisk x3  
  200  14:47  Spore Crawler  
  200  14:48  Spore Crawler  
  194  14:59  Spore Crawler  
  193  15:01  Spine Crawler  
  193  15:02  Spine Crawler  
  193  15:05  Spine Crawler x2  
  184  15:08  Hydralisk x4  
  184  15:09  Hydralisk x4  
  191  15:33  Adaptive Talons  
  191  15:50  Hydralisk x4  
  199  16:06  Overlord x2  
  199  16:07  Drone  
  200  16:19  Extractor  
  200  16:23  Extractor  
  198  16:30  Seismic Spines  
  198  16:36  Overseer  
  191  16:41  Hydralisk x3  
  191  16:42  Hydralisk x4  
Show
View Real Time Build Order
Export as new Build Order

sneak Zerg 

Build Orders: Hatch First 

Get SALT Encoding   

  12  0:02  Drone  
  13  0:12  Overlord  
  13  0:17  Drone  
  14  0:31  Drone x2  
  16  0:50  Hatchery  
  15  1:03  Spawning Pool  
  14  1:06  Drone  
  14  1:10  Extractor  
  15  1:11  Drone  
  15  1:16  Drone  
  16  1:25  Drone  
  16  1:28  Drone  
  18  1:39  Drone  
  19  1:50  Zergling x2  
  19  1:51  Queen  
  22  2:01  Overlord  
  22  2:02  Zergling x2  
  22  2:04  Queen  
  25  2:11  Zergling x2  
  25  2:15  Zergling x2  
  27  2:24  Zergling x2  
  27  2:25  Zergling x2  
  29  2:35  Zergling x4  
  31  2:43  Zergling x2  
  32  2:50  Drone  
  33  2:54  Drone  
  33  2:57  Drone  
  35  3:00  Metabolic Boost  
  35  3:01  Drone  
  35  3:05  Baneling Nest  
  34  3:18  Zergling x2  
  34  3:19  Zergling x2  
  35  3:23  Zergling x2  
  35  3:25  Zergling x2  
  35  3:26  Overlord  
  33  3:39  Zergling x6  
  33  3:40  Overlord  
  36  3:48  Zergling x2  
  36  3:49  Zergling x4  
  36  3:51  Extractor  
  36  3:55  Zergling x4  
  40  4:03  Lair  
  40  4:04  Zergling x8  
  44  4:21  Zergling x6  
  44  4:22  Zergling x2  
  44  4:23  Zergling x2  
  47  4:32  Zergling x6  
  47  4:34  Zergling x4  
  50  4:45  Zergling x4  
  49  4:54  Zergling x2  
  49  4:56  Zergling x2  
  45  5:06  Zergling x4  
  38  5:15  Zergling x2  
  38  5:16  Zergling x2  
  38  5:19  Zergling x2  
  38  5:28  Zergling x4  
  40  5:35  Zergling x8  
  41  5:40  Roach Warren, Drone  
  42  5:47  Pneumatized Carapace  
  42  5:49  Drone x2  
  44  6:08  Baneling x2  
  44  6:09  Baneling x3  
  44  6:13  Zergling x8  
  48  6:19  Drone  
  48  6:20  Drone x3  
  48  6:24  Overlord  
  48  6:25  Overlord  
  52  6:37  Baneling x3  
  52  6:38  Baneling x2  
  52  6:44  Roach  
  52  6:45  Roach x2  
  56  7:09  Roach x2  
  56  7:10  Roach  
  59  7:26  Roach x2  
  59  7:27  Roach x3  
  61  7:38  Roach x2  
  61  7:39  Overlord x2  
  65  7:49  Roach  
  65  7:50  Overlord  
  68  8:05  Zergling x4  
  68  8:06  Zergling x2  
  70  8:15  Roach x2  
  74  8:23  Zergling x2  
  74  8:24  Zergling x4  
  76  8:46  Baneling x2  
  76  8:47  Baneling x3  
  76  8:48  Zergling x4  
  78  8:51  Roach x2  
  78  8:52  Roach  
  84  8:58  Glial Reconstitution  
  84  9:03  Evolution Chamber  
  84  9:06  Evolution Chamber  
  84  9:09  Extractor  
  81  9:10  Drone x2, Extractor  
  82  9:25  Baneling  
  82  9:26  Baneling x3  
  82  9:34  Roach x4  
  90  9:49  Drone  
  89  10:18  Roach  
  89  10:20  Overlord x3  
  91  10:27  Zerg Missile Weapons Level 1  
  91  10:28  Zerg Ground Armor Level 1  
  91  10:31  Overlord x2  
  91  10:41  Drone x4  
  95  10:53  Drone x3  
  95  10:55  Drone x2  
  95  10:56  Drone x2  
  102  11:06  Drone  
  102  11:07  Drone  
  104  11:18  Roach  
  104  11:19  Roach  
  108  11:26  Hatchery  
  108  11:31  Roach  
  109  11:34  Ravager x4  
  109  11:35  Ravager  
  114  11:43  Extractor  
  114  11:44  Extractor  
  112  11:53  Roach x2  
  112  11:54  Roach x3  
  122  12:02  Overlord  
  122  12:14  Overlord  
  122  12:16  Drone  
  122  12:22  Overlord  
  123  12:28  Overlord x2  
  123  12:30  Zerg Missile Weapons Level 2  
  123  12:35  Zerg Ground Armor Level 2  
  123  12:44  Overseer  
  123  12:51  Overseer  
  123  12:53  Drone x4  
  123  12:54  Drone x2  
  123  12:55  Drone  
  130  13:03  Drone  
  130  13:04  Drone x3  
  134  13:14  Overseer  
  134  13:16  Roach x3  
  140  13:24  Infestation Pit  
  139  13:30  Roach x3  
  145  13:37  Overlord x3  
  145  13:51  Overlord x3  
  145  13:53  Overlord  
  145  13:56  Drone x3  
  145  13:57  Drone  
  149  14:30  Roach  
  151  14:31  Infestor  
  151  14:32  Infestor x4  
  151  14:33  Infestor x2  
  126  15:57  Roach  
  126  15:58  Roach x5  
  138  16:06  Overlord  
  54  16:48  Roach x6  
Tags
 
Composition
Lurkers
Matchup
ZvZ
Race
Zerg
Spawn Locations
Cross Positions
Add a new tag
Caveats
  • Supply blocks, unpowered buildings, or Contaminate may cause inaccurate times.
  • Supply counts are checked every 10 seconds.